 Dungeon Crawl Stone Soup version 0.29.1-4-g47bece8355 (webtiles) character file.

Game seed: 871072072438734463

12232 boopmooplesden the Protected (level 11, -2/101 HPs)
             Began as a Minotaur Berserker on Dec 5, 2022.
             Was a High Priest of Trog.
             Slain by a cane toad (16 damage)
             ... on level 2 of the Lair of Beasts.
             The game lasted 00:16:06 (12752 turns).

boopmooplesden the Protected (Minotaur Berserker)  Turns: 12752, Time: 00:16:07

Health: -2/101     AC: 21    Str: 31    XL:     11   Next: 59%
Magic:  10/10      EV:  9    Int:  6    God:    Trog [*****.]
Gold:   780        SH:  0    Dex:  9    Spells: 10/10 levels left

rFire   + . .      SeeInvis +   h - +2 spear (vorpal)
rCold   . . .      Faith    .   (no shield)
rNeg    . . .      Spirit   .   j - +1 plate armour
rPois   .          Reflect  .   c - +3 crown of Dyrovepreva {rElec Int+2 SInv}
rElec   +          Harm     +   R - scarf {harm}
rCorr   +          Rampage  .   s - +0 pair of gloves
Will    .....                   (no boots)
Stlth   ..........              (no amulet)
HPRegen 0.26/turn               z - ring "Surae" {Contam rF+ rCorr Str+4 SInv}
MPRegen 0.12/turn               o - ring of flight

@: lethally poisoned (-2 -> -14), flying
A: horns 2, retaliatory headbutt
a: Renounce Religion, Berserk, Trog's Hand, Brothers in Arms


You were on level 2 of the Lair of Beasts.
You worshipped Trog.
Trog was extremely pleased with you.
You visited 2 branches of the dungeon, and saw 13 of its levels.
You also visited: Sewer.

You collected 780 gold pieces.

Inventory:

Hand Weapons
 a - a +1 vampiric spear
 h - a +2 vorpal spear (weapon)
 x - the +10 short sword "Leviticus" {spect, *Rage rN+++ Dex+6}
   (You took it off a gnoll on level 8 of the Dungeon)

   When its wielder attacks, the weapon's spirit leaps out and strikes again.
   The spirit shares a part of any damage it takes with its wielder.
   Dex:       It affects your dexterity (+6).
   rN:        It renders you almost immune to negative energy.
   *Rage:     It berserks you when you make melee attacks (+20% chance).
Missiles
 w - 5 boomerangs (quivered)
Armour
 c - the +3 crown of Dyrovepreva (worn) {rElec Int+2 SInv}
   (You acquired it on level 2 of the Dungeon)

   Int:       It affects your intelligence (+2).
   rElec:     It insulates you from electricity.
   SInv:      It lets you see invisible.
 j - a +1 plate armour (worn)
 l - a +0 cloak
 s - a +0 pair of gloves (worn)
 y - the +9 scale mail of Negation {+Inv rElec rF+ Slay-6}
   (You found it on level 5 of the Dungeon)

   Slay:      It affects your accuracy & damage with ranged weapons and melee
   (-6).
   rF:        It protects you from fire.
   rElec:     It insulates you from electricity.
   +Inv:      It lets you turn invisible.
 P - a +1 cloak
 R - a scarf of harm (worn)
Jewellery
 g - an amulet of faith
 m - a ring of protection from fire
 o - a ring of flight (right hand)
 z - the ring "Surae" (left hand) {Contam rF+ rCorr Str+4 SInv}
   (You acquired it on level 5 of the Dungeon)

   [ring of resist corrosion]

   Str:       It affects your strength (+4).
   rF:        It protects you from fire.
   SInv:      It lets you see invisible.
   Contam:    It causes magical contamination when unequipped.
   rCorr:     It protects you from acid and corrosion.
 B - a +6 ring of dexterity
 C - a +6 ring of intelligence
 H - an amulet of the acrobat
 K - a ring of fire
 N - a ring of protection from fire
 S - an amulet of reflection
Wands
 d - a wand of polymorph (15)
 r - a wand of flame (55)
 G - a wand of roots (14)
 L - a wand of quicksilver (10)
Scrolls
 b - 2 scrolls of poison
 k - a scroll of summoning
 n - 2 scrolls of fear
 q - a scroll of blinking
 t - 3 scrolls of magic mapping
 F - 5 scrolls of identify
 I - 2 scrolls of teleportation
 J - a scroll of silence
Potions
 e - 2 potions of berserk rage
 f - 2 potions of magic
 i - 2 potions of brilliance
 p - a potion of cancellation {unknown}
 u - a potion of invisibility
 v - 2 potions of might
 A - 2 potions of haste
 D - a potion of mutation
 E - 2 potions of resistance
 M - 2 potions of heal wounds
 T - 2 potions of attraction {unknown}
Miscellaneous
 O - a phial of floods
 Q - a tin of tremorstones (2/2)


   Skills:
 + Level 10.4 Fighting
 + Level 6.4 Short Blades
 + Level 12.4 Polearms
 + Level 13.8 Armour
 + Level 4.3 Dodging
 + Level 1.1 Stealth


You had 10 spell levels left.
You didn't know any spells.
Your spell library was empty.

Dungeon Overview and Level Annotations

Branches:
Dungeon (11/15)            Temple (0/1) D:7            Lair (2/5) D:8
    Orc (0/2) D:10          Sewer (visited)
  Swamp: Lair:2-3    Shoals: Lair:2-3     Snake: Lair:2-3    Spider: Lair:2-3

Altars:
Ashenzari
Cheibriados
Dithmenos
Elyvilon
Fedhas
Okawaru
Qazlal
Sif Muna
Uskayaw
Xom
Yredelemnul
Zin
The Shining One

Shops:
D:5 *

Portals:
Trove: D:11 (give horn of Geryon)


Innate Abilities, Weirdness & Mutations

You have a pair of horns on your head.
You reflexively headbutt those who attack you in melee.


Message History

You puncture the four-headed hydra! You headbutt the four-headed hydra.
The four-headed hydra is severely wounded.
The four-headed hydra barely misses you.
The four-headed hydra bites you but does no damage.
The four-headed hydra bites you! The four-headed hydra bites you.
You puncture the four-headed hydra!
Your headbutt misses the four-headed hydra.
The four-headed hydra is severely wounded.
You barely miss the four-headed hydra. You punch the four-headed hydra.
The four-headed hydra is almost dead.
The four-headed hydra bites you.
The four-headed hydra bites you but does no damage.
The four-headed hydra bites you.
* * * LOW HITPOINT WARNING * * *
The four-headed hydra bites you but does no damage.
You puncture the four-headed hydra!
You kill the four-headed hydra!
Trog accepts your kill.
A cane toad comes into view.
You see here a hydra corpse.
A polar bear comes into view.
There are monsters nearby!
There are monsters nearby!
There are monsters nearby!
You see here a hydra corpse.
There are monsters nearby!
The cane toad attacks as you move away!
The cane toad stings you but does no damage.
The cane toad attacks as you move away! The cane toad stings you.
* * * LOW HITPOINT WARNING * * *
You are poisoned.
The cane toad poisons you!
* * * LOW HITPOINT WARNING * * *
You feel very sick.
The cane toad stings you but does no damage.
There is a stone staircase leading up here.
* * * LOW HITPOINT WARNING * * *
You feel very sick. The cane toad stings you!
You die...

........#.#+##..#.....
...................(..
........†#P.....#...P#
.....h.#....#.........
............#.........
.......#....#.........
P.##..................
#....#.#PF..#†........
........@............
....#...#.........)..
....#..#.............
.......+.............
.......#.............
....................
...................
..................


You could see a polar bear and a cane toad.

Vanquished Creatures
  3 hydras
  2 death yaks (Lair:2)
  A cyclops (D:11)
  A torpor snail (Lair:2)
  2 cane toads (Lair:1)
  4 komodo dragons
  An unseen horror (D:11)
  A troll (D:10)
  A hornet (D:7)
  Prince Ribbit (D:6)
  2 wyverns
  Grum (D:10)
  2 water moccasins (Lair:1)
  Duvessa (D:4)
  3 acid dragons
  6 orc warriors
  A swamp drake (D:10)
  A black bear (D:8)
  A sky beast (D:7)
  2 ice beasts
  An ogre (D:6)
  2 centaurs
  16 wolves
  2 phantoms (D:6)
  A kobold brigand (D:10)
  4 bullfrogs
  A gnoll sergeant (D:8)
  A scorpion (D:3)
  5 wights (D:7)
  Dowan (D:4)
  5 howler monkeys
  3 jellies
  3 hounds
  7 orc priests
  Jessica (D:3)
  4 iguanas
  10 orc wizards
  A hell rat (Sewer)
  6 adders
  3 gnolls (D:8)
  A river rat (Sewer)
  3 white imps
  2 ufetubi
  3 worms (D:4)
  2 dart slugs
  51 orcs
  6 ball pythons
  10 endoplasms
  A giant cockroach (D:3)
  5 goblins
  4 hobgoblins
  4 jackals (D:2)
  7 quokkas
  9 bats
  2 frilled lizards
  12 kobolds
  12 rats
248 creatures vanquished.

Vanquished Creatures (collateral kills)
  An orc warrior (D:8)
  2 kobold brigands (D:8)
  An orc priest (D:8)
  2 gnolls (D:8)
  An orc (D:8)
  3 kobolds (D:8)
10 creatures vanquished.

Vanquished Creatures (others)
  An iguana (D:5)
  2 fungi (Lair:1)
  3 plants
6 creatures vanquished.

Grand Total: 264 creatures vanquished

Notes
Turn   | Place    | Note
-------+----------+-------------------------------------------
     0 | D:1      | boopmooplesden the Minotaur Berserker began the quest for
                  | the Orb.
     0 | D:1      | Reached XP level 1. HP: 19/19 MP: 0/0
   147 | D:1      | Reached XP level 2. HP: 15/27 MP: 1/1
   920 | D:1      | Found a faded altar of an unknown god.
  1101 | D:1      | Reached XP level 3. HP: 33/34 MP: 2/2
  1516 | D:2      | Reached ** piety under Trog
  1523 | D:2      | HP: 1/34 [goblin/+0 dagger (3)]
  1730 | D:2      | Reached XP level 4. HP: 29/41 MP: 3/3
  2366 | D:2      | Identified a scroll of acquirement
  2366 | D:2      | Acquired the +3 crown of Dyrovepreva {rElec Int+2 SInv}
  2366 | D:2      | Found the +3 crown of Dyrovepreva {rElec Int+2 SInv}
  2760 | D:3      | Noticed a scorpion
  2763 | D:3      | Killed a scorpion
  2764 | D:3      | Reached skill level 5 in Polearms
  2764 | D:3      | Reached skill level 3 in Armour
  2764 | D:3      | Reached XP level 5. HP: 47/47 MP: 4/4
  3025 | D:3      | Noticed Jessica
  3035 | D:3      | Killed Jessica
  3036 | D:3      | Reached skill level 5 in Fighting
  3191 | D:3      | Reached *** piety under Trog
  3343 | D:4      | Reached XP level 6. HP: 56/56 MP: 5/5
  3525 | D:4      | Noticed Duvessa
  3525 | D:4      | Noticed Dowan
  3539 | D:4      | Killed Duvessa
  3540 | D:4      | Reached skill level 4 in Armour
  3549 | D:4      | Killed Dowan
  3550 | D:4      | Reached XP level 7. HP: 59/63 MP: 6/6
  3734 | D:4      | Found a glowing drain.
  3747 | Sewer    | Entered a sewer
  4164 | D:5      | Entered Level 5 of the Dungeon
  4190 | D:5      | Found Amaesus's General Store.
  4201 | D:5      | Identified the +9 scale mail of Negation {+Inv rElec rF+
                  | Slay-6}
  4395 | D:5      | Found a glowing golden altar of the Shining One.
  4395 | D:5      | Found a white marble altar of Elyvilon.
  4396 | D:5      | Found a glowing silver altar of Zin.
  4727 | D:5      | Found a basalt altar of Yredelemnul.
  4727 | D:5      | Found a hide-covered altar of Uskayaw.
  4898 | D:5      | Acquired the ring "Surae" {Contam rF+ rCorr Str+4 SInv}
  4986 | D:6      | Reached skill level 5 in Armour
  5134 | D:6      | Reached **** piety under Trog
  5146 | D:6      | Reached XP level 8. HP: 71/71 MP: 7/7
  5463 | D:6      | Noticed Prince Ribbit
  5472 | D:6      | Killed Prince Ribbit
  5473 | D:6      | Reached skill level 6 in Armour
  6269 | D:7      | Noticed a hornet
  6282 | D:7      | Killed a hornet
  6283 | D:7      | Reached skill level 7 in Armour
  6910 | D:7      | Reached skill level 10 in Polearms
  6910 | D:7      | Reached XP level 9. HP: 54/81 MP: 8/8
  7049 | D:7      | Found a staircase to the Ecumenical Temple.
  7326 | D:8      | Found a shimmering blue altar of Sif Muna.
  7364 | D:8      | Reached skill level 1 in Stealth
  7389 | D:8      | Reached skill level 8 in Armour
  7514 | D:8      | Identified the +10 short sword "Leviticus" {spect, *Rage
                  | rN+++ Dex+6}
  7924 | D:8      | Found a staircase to the Lair.
  8036 | D:8      | Found a blossoming altar of Fedhas.
  8052 | D:8      | Reached skill level 9 in Armour
  8365 | D:8      | Found a shimmering altar of Xom.
  8545 | D:9      | Found a broken altar of Ashenzari.
  8764 | D:9      | Found a shadowy altar of Dithmenos.
  9261 | D:10     | Entered Level 10 of the Dungeon
  9368 | D:10     | Reached skill level 1 in Short Blades
  9444 | D:10     | Found a snail-covered altar of Cheibriados.
  9532 | D:10     | Noticed Grum
  9536 | D:10     | Reached XP level 10. HP: 80/91 MP: 9/9
  9543 | D:10     | Killed Grum
  9544 | D:10     | Reached skill level 10 in Armour
  9996 | D:10     | Found a stormy altar of Qazlal.
 10085 | D:10     | Found a staircase to the Orcish Mines.
 10094 | D:10     | Reached ***** piety under Trog
 10376 | D:11     | Found a portal to a secret trove of treasure.
 10379 | D:11     | Noticed a cyclops
 10386 | D:11     | Killed a cyclops
 10399 | D:11     | Reached skill level 11 in Armour
 10542 | D:11     | Noticed a five-headed hydra
 10552 | D:11     | Killed a five-headed hydra
 10553 | D:11     | Reached skill level 5 in Short Blades
 10555 | D:11     | Found an iron altar of Okawaru.
 10793 | D:11     | Noticed a six-headed hydra
 10804 | D:11     | Killed a six-headed hydra
 11223 | Lair:1   | Entered Level 1 of the Lair of Beasts
 11223 | Lair:1   | Noticed a cane toad
 11231 | Lair:1   | Killed a cane toad
 11232 | Lair:1   | Reached XP level 11. HP: 67/99 MP: 10/10
 11367 | Lair:1   | Reached skill level 12 in Armour
 11381 | Lair:1   | Reached skill level 10 in Fighting
 11920 | Lair:1   | Found a white marble altar of Elyvilon.
 12629 | Lair:2   | Noticed a death yak
 12631 | Lair:2   | Noticed a death yak
 12638 | Lair:2   | Killed a death yak
 12639 | Lair:2   | Reached skill level 13 in Armour
 12647 | Lair:2   | Killed a death yak
 12733 | Lair:2   | Noticed a four-headed hydra
 12742 | Lair:2   | Killed a four-headed hydra
 12752 | Lair:2   | Slain by a cane toad

Illustrated notes

Levels and vault maps discovered:
D:1:      dpeg_arrival_lava_temple_mockup, layout_basic,
          dreamdust_ecumenical_altar_hidden_monk_grotto
D:2:      layout_rooms, corner_web_ring, st_stairs_9, minivault_5,
          minmay_pentomino_v4
D:3:      cheibrodos_old_hovel, layout_basic, serial_aquarium,
          aquarium_bridge_straight [aquarium_subvault_bridge,
          aquarium_subvault_balcony, aquarium_subvault_bridge,
          aquarium_subvault_wall], aquarium_window_fake, aquarium_window_1,
          aquarium_view_2f, uniq_jessica
D:4:      layout_loops_cross, cheibrodos_sewer_entry_bend, uniq_duvessa
D:5:      layout_rooms, good_gods_temple_1, gammafunk_temple_overflow_wave,
          serial_shops, nicolae_stop_n_shop_1, serial_bayou_pond_d
D:6:      layout_gridville, minmay_misc_feat_chi, uniq_prince_ribbit1
D:7:      layout_cave_pods, temple_doors_e
D:8:      layout_rooms, fedhas_altar_1, mainiacjoe_overflow_catwalk_spiral
D:9:      layout_irregular_city, amcnicky_altar_gilded,
          nicolae_overflow_crystal_walls
D:10:     layout_irregular_city, lemuel_tele_altar,
          mainiacjoe_overflow_alcove_2, erik_orc_1, uniq_grum
D:11:     layout_cave_pools, enter_trove_2, okawaru_trees_2
Lair:1:   layout_misc_corridors, basic_altar
Lair:2:   layout_chaotic_city, minmay_swamp_entry_wisps, st_stairs_12,
          serial_bayou_shore_a, lemuel_fruit_tree, lemuel_fruit_fields

Skill      XL: |  1  2  3  4  5  6  7  8  9 10 11 |
---------------+----------------------------------+-----
Polearms       | 4 5 6 7 10 11 12 | 12.4
Fighting       | 4 5 6 7 9 10 | 10.4
Dodging        | 3 4 |  4.3
Armour         | 3 4 5 7 9 11 13 | 13.8
Stealth        | 1 |  1.1
Short Blades   | 1 6 |  6.4

Action                   |  1- 3 |  4- 6 |  7- 9 | 10-12 || total
-------------------------+-------+-------+-------+-------++-------
Melee: Spear             |    80 |   118 |   310 |   135 ||   643
       Headbutt          |     8 |    18 |    62 |    32 ||   120
       Punch             |     1 |     2 |     4 |     4 ||    11
       Short sword       |       |       |    31 |    54 ||    85
Invok: Berserk           |     1 |     3 |     2 |     2 ||     8
       Trog's Hand       |       |       |     1 |       ||     1
       Brothers in Arms  |       |       |     1 |       ||     1
  Use: Scroll            |       |     1 |    21 |     6 ||    28
       Potion            |       |       |     3 |       ||     3
Armor: Animal skin       |    20 |       |       |       ||    20
       Plate armour      |     2 |    93 |   206 |   137 ||   438
Dodge: Dodged            |    74 |    41 |   136 |   103 ||   354
